[ AOE2 MATCH · #505651439 ]
UnrankedJapanese vs Vietnamese
Player's team · WIN
Rival team · LOSS
[ REPLAY ANALYSIS · EXTRACTED FROM THE RECORDED GAME ]
Feudal
9:40
Castle
20:27
Imperial
—
| APM avg | 51.4 |
| APM peak | 76 |
| eAPM avg | 29.8 |
| Villagers / military | 62 / 27 |
Focus
⚔️ 34.2% · 🌾 65.8%
Samurai ×18 · Militia ×3 · Mangonel ×3 · Battering Ram ×3
Feudal
11:21
Castle
22:53
Imperial
—
| APM avg | 42.2 |
| APM peak | 83 |
| eAPM avg | 26.6 |
| Villagers / military | 70 / 6 |
Focus
⚔️ 41.8% · 🌾 58.2%
Monk ×3 · Mangonel ×3
Match map
Initial resources + every placement click. Lines = walls · curves = elevation contours. ◆ gold · ⬟ stone · ● berries · ✦ relic · ◌ wall gap
Your base· ✓ Map-separated
Oni.DauT's base· ✓ Map-separated
Smoothed initial terrain · ◌ = detected wall gap · hover for details
Inputs per minute
— m0re - - Oni.DauT
Build order — m0re
First 150 of 180 actions detected
| 0:00 | Create | Villager (Male) |
| 0:00 | Create | Villager (Male) |
| 0:14 | Create | Villager (Male) |
| 0:14 | Create | Villager (Male) |
| 0:34 | Build | Barracks |
| 0:42 | Build | House |
| 1:24 | Create | Villager (Male) |
| 1:24 | Create | Villager (Male) |
| 1:29 | Create | Militia |
| 1:32 | Research | Loom |
| 1:54 | Create | Villager (Male) |
| 2:20 | Create | Villager (Male) |
| 2:50 | Create | Villager (Male) |
| 2:54 | Build | House |
| 3:20 | Create | Villager (Male) |
| 3:44 | Create | Villager (Male) |
| 4:04 | Create | Villager (Male) |
| 4:21 | Create | Villager (Male) |
| 4:28 | Build | Lumber Camp |
| 4:32 | Build | Lumber Camp |
| 4:44 | Create | Villager (Male) |
| 5:21 | Create | Villager (Male) |
| 5:21 | Create | Villager (Male) |
| 5:21 | Create | Villager (Male) |
| 5:44 | Create | Villager (Male) |
| 6:11 | Build | House |
| 7:04 | Create | Villager (Male) |
| 7:22 | Research | Feudal Age |
| 7:36 | Build | Mining Camp |
| 7:56 | Build | Mining Camp |
| 8:06 | Create | Militia |
| 8:30 | Create | Militia |
| 8:42 | Build | House |
| 9:40 | Age | Feudal Age |
| 9:41 | Build | Watch Tower |
| 9:42 | Research | Man-at-Arms (upgrade) |
| 9:43 | Research | Double-Bit Axe |
| 9:44 | Create | Villager (Male) |
| 9:47 | Create | Villager (Male) |
| 9:53 | Build | Lumber Camp |
| 9:55 | Build | House |
| 9:56 | Build | House |
| 10:05 | Create | Villager (Male) |
| 10:31 | Create | Villager (Male) |
| 11:02 | Build | Watch Tower |
| 11:09 | Create | Villager (Male) |
| 11:14 | Build | Outpost |
| 11:17 | Build | Mill |
| 11:39 | Create | Villager (Male) |
| 11:43 | Research | Arson |
| 11:49 | Create | Villager (Male) |
| 12:01 | Build | Farm |
| 12:03 | Create | Villager (Male) |
| 12:06 | Build | House |
| 12:10 | Build | Palisade Wall |
| 12:11 | Build | Palisade Wall |
| 12:11 | Build | Palisade Wall |
| 12:14 | Create | Villager (Male) |
| 12:37 | Create | Villager (Male) |
| 12:39 | Build | Watch Tower |
| 12:53 | Build | House |
| 13:01 | Create | Villager (Male) |
| 13:11 | Create | Villager (Male) |
| 13:19 | Create | Villager (Male) |
| 13:32 | Build | Farm |
| 13:34 | Build | Farm |
| 13:35 | Build | Farm |
| 13:37 | Create | Villager (Male) |
| 14:19 | Create | Villager (Male) |
| 14:22 | Build | Farm |
| 14:24 | Build | Farm |
| 14:25 | Build | Farm |
| 14:30 | Create | Villager (Male) |
| 14:47 | Build | Blacksmith |
| 15:14 | Build | Watch Tower |
| 15:38 | Create | Villager (Male) |
| 15:41 | Build | Farm |
| 15:43 | Build | Farm |
| 16:03 | Build | Palisade Wall |
| 16:03 | Build | Palisade Wall |
| 16:03 | Build | Palisade Wall |
| 16:04 | Build | Palisade Wall |
| 16:04 | Build | Palisade Wall |
| 16:06 | Build | Palisade Wall |
| 16:12 | Build | Farm |
| 16:17 | Create | Villager (Male) |
| 16:50 | Create | Villager (Male) |
| 17:02 | Build | Market |
| 17:22 | Create | Villager (Male) |
| 17:29 | Research | Castle Age |
| 17:40 | Build | Mining Camp |
| 17:46 | Build | Watch Tower |
| 18:06 | Research | Gold Mining |
| 18:07 | Research | Gold Mining |
| 18:08 | Research | Stone Mining |
| 18:08 | Research | Stone Mining |
| 18:49 | Build | House |
| 19:04 | Build | House |
| 19:05 | Build | House |
| 19:05 | Build | House |
| 20:05 | Research | Horse Collar |
| 20:27 | Age | Castle Age |
| 20:34 | Build | Castle |
| 20:36 | Create | Villager (Male) |
| 20:43 | Research | Bow Saw |
| 20:49 | Research | Scale Mail Armor |
| 20:49 | Research | Scale Mail Armor |
| 21:00 | Build | Siege Workshop |
| 21:04 | Build | Mining Camp |
| 21:12 | Create | Villager (Male) |
| 21:23 | Build | Farm |
| 21:40 | Create | Villager (Male) |
| 21:43 | Create | Samurai |
| 21:44 | Create | Samurai |
| 21:44 | Create | Samurai |
| 21:44 | Create | Samurai |
| 21:47 | Create | Battering Ram |
| 21:52 | Create | Villager (Male) |
| 21:57 | Create | Samurai |
| 21:57 | Create | Samurai |
| 21:59 | Create | Villager (Male) |
| 22:18 | Create | Samurai |
| 22:18 | Create | Samurai |
| 22:22 | Create | Battering Ram |
| 22:22 | Create | Battering Ram |
| 22:37 | Build | Farm |
| 22:59 | Create | Villager (Male) |
| 23:00 | Create | Samurai |
| 23:01 | Create | Samurai |
| 23:01 | Create | Samurai |
| 23:01 | Create | Samurai |
| 23:07 | Build | Mining Camp |
| 23:15 | Create | Villager (Male) |
| 23:30 | Create | Villager (Male) |
| 24:00 | Create | Villager (Male) |
| 24:02 | Build | Town Center |
| 24:02 | Build | Farm |
| 24:02 | Build | Farm |
| 24:03 | Build | Farm |
| 24:03 | Build | Farm |
| 24:03 | Build | Farm |
| 24:17 | Create | Villager (Male) |
| 24:35 | Create | Villager (Male) |
| 24:36 | Create | Samurai |
| 24:36 | Create | Samurai |
| 24:48 | Create | Mangonel |
| 24:50 | Build | Farm |
| 24:51 | Build | Farm |
| 24:52 | Create | Villager (Male) |
| 25:42 | Create | Villager (Male) |
Build order — Oni.DauT
First 150 of 186 actions detected
| 0:01 | Create | Villager (Male) ×4 |
| 0:02 | Build | House |
| 0:02 | Build | House |
| 1:38 | Create | Villager (Male) |
| 2:05 | Build | Lumber Camp |
| 2:05 | Create | Villager (Male) |
| 2:06 | Create | Villager (Male) |
| 2:11 | Create | Villager (Male) |
| 2:51 | Create | Villager (Male) |
| 3:19 | Create | Villager (Male) |
| 3:34 | Create | Villager (Male) |
| 3:49 | Create | Villager (Male) |
| 3:59 | Build | Mill |
| 4:14 | Build | House |
| 4:15 | Create | Villager (Male) |
| 4:33 | Build | Palisade Wall |
| 4:44 | Create | Villager (Male) |
| 4:47 | Create | Villager (Male) |
| 5:12 | Build | Palisade Wall |
| 5:17 | Create | Villager (Male) |
| 5:51 | Build | Palisade Wall |
| 5:52 | Create | Villager (Male) |
| 6:05 | Build | Palisade Wall |
| 6:13 | Build | Palisade Wall |
| 6:22 | Build | Palisade Wall |
| 6:22 | Build | Palisade Wall |
| 6:27 | Build | Palisade Wall |
| 6:28 | Create | Villager (Male) |
| 6:41 | Build | House |
| 6:41 | Build | Palisade Wall |
| 6:43 | Create | Villager (Male) |
| 6:46 | Build | Palisade Wall |
| 6:47 | Build | Palisade Wall |
| 6:49 | Build | Palisade Wall |
| 6:57 | Create | Villager (Male) |
| 7:28 | Build | House |
| 7:31 | Build | Palisade Wall |
| 7:33 | Create | Villager (Male) |
| 7:43 | Create | Villager (Male) |
| 7:43 | Create | Villager (Male) |
| 7:48 | Build | Palisade Wall |
| 7:58 | Create | Villager (Male) |
| 8:12 | Build | Mining Camp |
| 8:51 | Build | Mining Camp |
| 8:55 | Build | Mining Camp |
| 9:06 | Research | Feudal Age |
| 9:18 | Create | Villager (Male) |
| 9:19 | Create | Villager (Male) |
| 10:05 | Build | Palisade Wall |
| 10:10 | Build | Palisade Wall |
| 10:11 | Build | Palisade Wall |
| 10:27 | Build | Palisade Wall |
| 10:28 | Build | Palisade Wall |
| 10:29 | Build | Palisade Wall |
| 10:34 | Build | Palisade Wall |
| 10:37 | Research | Loom |
| 10:44 | Build | House |
| 10:54 | Build | Palisade Wall |
| 11:21 | Age | Feudal Age |
| 11:23 | Build | Stone Wall |
| 11:27 | Build | Stone Wall |
| 11:28 | Build | Stone Wall |
| 11:29 | Create | Villager (Male) |
| 11:32 | Build | Stone Wall |
| 11:35 | Build | Stone Wall |
| 11:37 | Build | Stone Wall |
| 11:48 | Build | Market |
| 11:54 | Create | Villager (Male) |
| 12:13 | Build | Lumber Camp |
| 12:22 | Build | Gate |
| 12:25 | Create | Villager (Male) |
| 12:40 | Build | Gate |
| 12:48 | Build | Stone Wall |
| 12:54 | Create | Villager (Male) |
| 13:03 | Create | Villager (Male) |
| 13:05 | Build | Stone Wall |
| 13:07 | Build | Watch Tower |
| 13:23 | Create | Villager (Male) |
| 13:26 | Create | Villager (Male) |
| 13:39 | Build | Palisade Wall |
| 13:39 | Create | Villager (Male) |
| 13:49 | Research | Double-Bit Axe |
| 13:57 | Research | Wheelbarrow |
| 14:28 | Create | Villager (Male) |
| 14:30 | Build | Stone Wall |
| 14:33 | Build | Farm |
| 14:40 | Build | Stone Wall |
| 15:02 | Build | Stone Wall |
| 15:10 | Create | Villager (Male) |
| 15:11 | Create | Villager (Male) |
| 15:12 | Build | Stone Wall |
| 15:16 | Build | Stone Wall |
| 15:25 | Build | Farm |
| 15:28 | Research | Horse Collar |
| 15:33 | Create | Villager (Male) |
| 15:34 | Build | Palisade Wall |
| 15:38 | Build | Farm |
| 15:39 | Create | Villager (Male) |
| 15:44 | Build | House |
| 15:46 | Build | Farm |
| 15:47 | Build | Farm |
| 15:58 | Build | Mining Camp |
| 16:03 | Build | House |
| 16:05 | Build | Farm |
| 16:06 | Build | Farm |
| 16:11 | Build | Farm |
| 16:15 | Build | Outpost |
| 16:23 | Create | Villager (Male) |
| 16:38 | Build | Farm |
| 16:55 | Build | Watch Tower |
| 16:56 | Create | Villager (Male) |
| 17:00 | Create | Villager (Male) |
| 17:19 | Create | Villager (Male) |
| 17:25 | Build | Farm |
| 17:31 | Build | Watch Tower |
| 17:38 | Build | Gate |
| 17:39 | Build | Gate |
| 17:42 | Create | Villager (Male) |
| 17:45 | Build | Farm |
| 17:54 | Create | Villager (Male) |
| 18:03 | Build | Farm |
| 18:04 | Build | Farm |
| 18:12 | Create | Villager (Male) |
| 18:29 | Build | Blacksmith |
| 18:48 | Build | House |
| 18:57 | Build | Lumber Camp |
| 19:24 | Create | Villager (Male) |
| 19:29 | Build | Palisade Gate |
| 19:30 | Build | House |
| 19:31 | Build | House |
| 19:34 | Build | Stone Wall |
| 19:40 | Create | Villager (Male) |
| 20:13 | Research | Castle Age |
| 20:13 | Research | Castle Age |
| 20:50 | Build | Farm |
| 21:07 | Create | Villager (Male) |
| 22:25 | Research | Fletching |
| 22:46 | Build | House |
| 22:47 | Build | House |
| 22:53 | Age | Castle Age |
| 22:54 | Build | Town Center |
| 22:55 | Create | Villager (Male) |
| 22:57 | Build | Monastery |
| 23:03 | Build | Town Center |
| 23:06 | Research | Bow Saw |
| 23:06 | Research | Bow Saw |
| 23:07 | Research | Heavy Plow |
| 23:21 | Build | Palisade Wall |
| 23:24 | Create | Villager (Male) |
| 23:29 | Create | Monk |
Match timeline
| 0:34 | m0re · first_building Barracks |
| 4:33 | Oni.DauT · wall_segment Palisade Wall x6 |
| 5:12 | Oni.DauT · wall_segment Palisade Wall x5 |
| 5:51 | Oni.DauT · wall_segment Palisade Wall x1 |
| 6:05 | Oni.DauT · wall_segment Palisade Wall x4 |
| 6:13 | Oni.DauT · wall_segment Palisade Wall x3 |
| 6:22 | Oni.DauT · wall_segment Palisade Wall x3 |
| 6:22 | Oni.DauT · wall_segment Palisade Wall x1 |
| 6:27 | Oni.DauT · wall_segment Palisade Wall x5 |
| 6:41 | Oni.DauT · wall_segment Palisade Wall x2 |
| 6:46 | Oni.DauT · wall_segment Palisade Wall x1 |
| 6:47 | Oni.DauT · wall_segment Palisade Wall x1 |
| 6:49 | Oni.DauT · wall_segment Palisade Wall x1 |
| 7:31 | Oni.DauT · wall_segment Palisade Wall x1 |
| 7:48 | Oni.DauT · wall_segment Palisade Wall x1 |
| 9:40 | m0re · age_up feudal |
| 10:05 | Oni.DauT · wall_segment Palisade Wall x1 |
| 10:10 | Oni.DauT · wall_segment Palisade Wall x1 |
| 10:11 | Oni.DauT · wall_segment Palisade Wall x1 |
| 10:27 | Oni.DauT · wall_segment Palisade Wall x3 |
| 10:28 | Oni.DauT · wall_segment Palisade Wall x1 |
| 10:29 | Oni.DauT · wall_segment Palisade Wall x1 |
| 10:34 | Oni.DauT · wall_segment Palisade Wall x4 |
| 10:54 | Oni.DauT · wall_segment Palisade Wall x1 |
| 11:21 | Oni.DauT · age_up feudal |
| 11:23 | Oni.DauT · wall_segment Stone Wall x1 |
| 11:27 | Oni.DauT · wall_segment Stone Wall x1 |
| 11:28 | Oni.DauT · wall_segment Stone Wall x1 |
| 11:32 | Oni.DauT · wall_segment Stone Wall x1 |
| 11:35 | Oni.DauT · wall_segment Stone Wall x1 |
| 11:37 | Oni.DauT · wall_segment Stone Wall x1 |
| 12:10 | m0re · wall_segment Palisade Wall x1 |
| 12:11 | m0re · wall_segment Palisade Wall x1 |
| 12:11 | m0re · wall_segment Palisade Wall x1 |
| 12:48 | Oni.DauT · wall_segment Stone Wall x1 |
| 13:05 | Oni.DauT · wall_segment Stone Wall x1 |
| 13:39 | Oni.DauT · wall_segment Palisade Wall x1 |
| 14:30 | Oni.DauT · wall_segment Stone Wall x1 |
| 14:40 | Oni.DauT · wall_segment Stone Wall x1 |
| 15:02 | Oni.DauT · wall_segment Stone Wall x1 |
| 15:12 | Oni.DauT · wall_segment Stone Wall x1 |
| 15:16 | Oni.DauT · wall_segment Stone Wall x2 |
| 15:34 | Oni.DauT · wall_segment Palisade Wall x1 |
| 16:03 | m0re · wall_segment Palisade Wall x1 |
| 16:03 | m0re · wall_segment Palisade Wall x1 |
| 16:03 | m0re · wall_segment Palisade Wall x1 |
| 16:04 | m0re · wall_segment Palisade Wall x1 |
| 16:04 | m0re · wall_segment Palisade Wall x2 |
| 16:06 | m0re · wall_segment Palisade Wall x1 |
| 19:34 | Oni.DauT · wall_segment Stone Wall x2 |
| 20:10 | m0re · first_market_sell 100 food |
| 20:10 | m0re · first_market_buy 100 stone |
| 20:27 | m0re · age_up castle |
| 20:34 | m0re · first_building Castle |
| 21:00 | m0re · first_building Siege Workshop |
| 22:53 | Oni.DauT · age_up castle |
| 22:57 | Oni.DauT · first_building Monastery |
| 23:21 | Oni.DauT · wall_segment Palisade Wall x1 |
| 23:26 | Oni.DauT · first_market_buy 100 food |
| 23:33 | Oni.DauT · first_building Siege Workshop |
| 24:26 | Oni.DauT · wall_segment Palisade Wall x1 |
| 27:12 | Oni.DauT · first_building Castle |
| 28:22 | Oni.DauT · resign |
[ AI ANALYSIS · 1 CREDIT ]
What really happened in this match?
Wolo.gg analyzes every decision: build order, eco, micro, common mistakes by bracket. Personalized analysis on WhatsApp or Discord in 30 seconds.
Civ guide
Japanese
Perfil
Jugador #279036